 Dungeon Crawl Stone Soup version 0.29-a0-43-g62a80824bf (webtiles) character file.

Game seed: 18380537745540018116

95 testman the Firebug (level 4, -8/24 HPs)
             Began as a Deep Elf Fire Elementalist on Feb 2, 2022.
             Killed from afar by an orc wizard (9 damage)
             ... with a magic dart
             ... on level 3 of the Dungeon.
             The game lasted 00:13:19 (2434 turns).

testman the Firebug (Deep Elf Fire Elementalist)    Turns: 2434, Time: 00:13:19

Health: -8/24      AC:  4    Str:  7    XL:     4   Next: 40%
Magic:  3/10       EV: 12    Int: 22    God:
Gold:   73         SH:  9    Dex: 15    Spells: 3/9 levels left

rFire   . . .      SeeInvis +   j - +0 dagger (freeze)
rCold   . . .      Faith    .   (no shield)
rNeg    . . .      Spirit   .   a - +0 robe
rPois   .          Reflect  +   (no helmet)
rElec   .          Harm     .   i - +1 cloak
rCorr   +          Rampage  .   (no gloves)
Will    .....                   (no boots)
Stlth   ++........              g - amulet of reflection
HPRegen 0.08/turn               m - ring of resist corrosion
MPRegen 0.12/turn               n - ring of see invisible

@: flying
A: large bone plates 1, see invisible, strong 1
a: no special abilities


You were on level 3 of the Dungeon.
You visited 1 branch of the dungeon, and saw 3 of its levels.

You collected 73 gold pieces.

Inventory:

Hand Weapons
 j - a +0 dagger of freezing (weapon)
Missiles
 f - 12 poisoned darts
 o - 6 curare-tipped darts
 t - 7 stones
Armour
 a - a +0 robe (worn)
 i - a +1 cloak (worn)
 l - a +0 pair of gloves
Jewellery
 g - an amulet of reflection (around neck)
 m - a ring of resist corrosion (left hand)
 n - a ring of see invisible (right hand)
Wands
 s - a wand of polymorph (2)
Scrolls
 b - a scroll of fog {unknown}
 d - 3 scrolls of teleportation {unknown}
 e - a scroll of identify {unknown}
 h - a scroll of brand weapon {unknown}
 p - a scroll of immolation {unknown}
 r - a scroll of noise {unknown}
Potions
 q - a potion of curing {unknown}


   Skills:
 - Level 2.4 Dodging
 - Level 2.4 Stealth
 + Level 3.1 Spellcasting
 + Level 3.3 Conjurations
 + Level 4.6 Fire Magic


You had 3 spell levels left.
You knew the following spells:

 Your Spells              Type           Power      Damage    Failure   Level
a - Foxfire               Conj/Fire      84%        2x1d8     2%          1
b - Scorch                Fire           48%        2d7       2%          2
c - Conjure Flame         Conj/Fire      21%        6-21      7%          3

Your spell library contained the following spells:

 Spells                   Type           Power      Damage    Failure   Level
 Inner Flame              Hex/Fire       13%        N/A       14%         3
 Gell's Gravitas          Tloc           3%         N/A       36%         3
 Lesser Beckoning         Tloc           3%         N/A       36%         3
 Teleport Other           Tloc           3%         N/A       36%         3
 Flame Wave               Conj/Fire      21%        2d7       24%         4


Dungeon Overview and Level Annotations

Branches:
Dungeon (3/15)

Altars:


Innate Abilities, Weirdness & Mutations

You are partially covered in large bone plates. (SH +4)
You have supernaturally acute eyesight. (SInv)
Your muscles are strong. (Str +2)


Message History

The orc wizard points at you and mumbles some strange words.
The magic dart hits you.
You hit the orc wizard but do no damage.
The orc wizard is severely wounded.
The orc wizard is no longer more vulnerable to fire.
The orc wizard hits you but does no damage.
You closely miss the orc wizard.
The orc wizard is severely wounded.
The orc wizard hits you with a +0 dagger.
An orc comes into view. It is wielding a +0 falchion.
You closely miss the orc wizard.
The orc wizard is severely wounded.
The orc wizard hits you with a +0 dagger.
You hit the orc wizard. You freeze the orc wizard.
The orc wizard is severely wounded.
The orc wizard hits you but does no damage.
A hobgoblin comes into view.
Casting: Scorch (safe; 2% risk of failure)
Confirm with . or Enter, or press ? or * to list all spells.
Flames lash the hobgoblin.
You kill the hobgoblin!
The orc wizard points at you and mumbles some strange words.
The puff of flame hits you!
Casting: Scorch (safe; 2% risk of failure)
Confirm with . or Enter, or press ? or * to list all spells.
Flames lash the orc.
You kill the orc!
The orc wizard points at you and mumbles some strange words.
The puff of flame hits you!
* * * LOW HITPOINT WARNING * * *
Sorry, you're not good enough to have a special ability.
It was a potion of flight.
You feel very buoyant.
You fly up into the air.
You block the orc wizard's attack.
It was a potion of mutation.
You feel extremely strange.
Large bone plates grow over parts of your arms.
Your vision sharpens.
You feel stronger. The orc wizard casts a spell at you.
The magic dart hits you!
You die...

.## ... .. ....
.. ## ... ##.
#.##.###()
#.....##o#
#.....##o#
#.....##@#
#.####.....##.#
#........<.##.#
...###.....##.#
#.....##.#
.###...####.#
.............#
#.###...######
#####


You could see an orc wizard (invisible) and an orc.

Vanquished Creatures
  3 adders (D:2)
  A dart slug (D:2)
  A worm (D:2)
  2 orcs (D:3)
  6 ball pythons
  3 endoplasms
  7 giant cockroaches
  9 goblins
  6 hobgoblins
  A quokka (D:1)
  6 bats
  2 frilled lizards
  4 kobolds
  7 rats
58 creatures vanquished.

Vanquished Creatures (others)
  88 foxfires
88 creatures vanquished.

Grand Total: 146 creatures vanquished

Notes
Turn   | Place    | Note
-------+----------+-------------------------------------------
     0 | D:1      | testman the Deep Elf Fire Elementalist began the quest for
                  | the Orb.
     0 | D:1      | Reached XP level 1. HP: 10/10 MP: 6/6
   167 | D:1      | Found a faded altar of an unknown god.
   206 | D:1      | Reached XP level 2. HP: 15/15 MP: 6/8
   581 | D:1      | Reached skill level 4 in Fire Magic
   622 | D:1      | Reached XP level 3. HP: 19/19 MP: 7/9
   627 | D:1      | Learned a level 2 spell: Scorch
   631 | D:1      | Learned a level 3 spell: Conjure Flame
  1595 | D:2      | Reached XP level 4. HP: 24/24 MP: 7/10
  2432 | D:3      | HP: 1/24 [orc wizard/puff of flame (7)]
  2434 | D:3      | Gained mutation: You are partially covered in large bone
                  | plates. (SH +4) [potion of mutation]
  2434 | D:3      | Gained mutation: You have supernaturally acute eyesight.
                  | (SInv) [potion of mutation]
  2434 | D:3      | Gained mutation: Your muscles are strong. (Str +2) [potion
                  | of mutation]
  2434 | D:3      | Killed from afar by an orc wizard

Illustrated notes

Levels and vault maps discovered:
D:1:      nzn_arrival_water_spiral, layout_basic, shapermc_ecumenical_altar_gd,
          chequers_serial_rivers_micro_a, minmay_hexomino_c4
D:2:      minmay_general_purpose_star, layout_basic, wad_floor_pattern_untrapped
D:3:      layout_loops_cross, nicolae_overflow_hidden_temple,
          mainiacjoe_overflow_paths, lemuel_round_altar, zin_purify,
          tso_oasis_becter, serial_shops, shop, chequers_serial_rivers_micro_c,
          minmay_misc_feat_encased, uniq_ijyb

Skill      XL: |  1  2  3 |
---------------+----------+-----
Conjurations   | 2 3 |  3.3
Fire Magic     | 4 |  4.6
Dodging        | |  2.4
Stealth        | |  2.4
Spellcasting   | |  3.1

Action                   |  1- 3 |  4- 6 || total
-------------------------+-------+-------++-------
Melee: Unarmed           |    12 |       ||    12
       Dagger            |    10 |    14 ||    24
 Cast: Foxfire           |    44 |     8 ||    52
       Scorch            |     5 |     9 ||    14
       Conjure Flame     |     1 |       ||     1
  Use: Potion            |       |     2 ||     2
 Stab: Sleeping          |     4 |     3 ||     7
       Distracted        |       |     1 ||     1
Armor: Robe              |    12 |     4 ||    16
Dodge: Dodged            |    17 |     1 ||    18
Block: Other             |     2 |     2 ||     4
       Reflection        |     1 |       ||     1

Table legend: (Time is in decaauts)
 A = Elapsed time spent in this place.
 B = Non-inter-level travel time spent in this place.
 C = Inter-level travel time spent in this place.
 D = Time resting spent in this place.
 E = Time spent auto-exploring this place.
 F = Levels seen in this place.
 G = Mean time per level.
                   A        B        C        D        E       F      G
               +--------+--------+--------+--------+--------+-----+--------+
         Total |   2432 |   2330 |    102 |    369 |   1569 |   3 |  810.7 |
       Dungeon |   2432 |   2330 |    102 |    369 |   1569 |   3 |  810.7 |
               +--------+--------+--------+--------+--------+-----+--------+

Top non-repeatable levels by time:
     D:2: 1327 daAuts
     D:1: 1069 daAuts
     D:3: 34 daAuts
